[Event "*** Titled Tuesday Blitz"]
[Site "Chess.com"]
[Date "2021.04.06"]
[Round "4"]
[White "GigaQuparadze"]
[Black "stanyga"]
[Result "1/2-1/2"]
[WhiteElo "2861"]
[BlackElo "2658"]
[TimeControl "180+1"]
[EndTime "10:39:59 PDT"]
[Termination "Game drawn by repetition"]

1. e4 c5 2. Nf3 d6 3. g3 Nf6 4.
Qe2 g6 5. c3 Qc7 6. Bg2 e5 7.
O-O Nc6 8. d4 cxd4 9. cxd4 exd4 10.
Na3 a6 11. Bf4 Nh5 12. Bd2 Bg7 13. Rac1 O-O 14. Qd3 Qe7 15. Nc2 Ne5 16. Nxe5 dxe5 17. Bb4 Qe8 18. Bxf8 Bxf8 19. Na3 Bd7 20. Nc4 Bc6 21. Rc2 Ng7 22. Rfc1 f6 23. Na5 Bb5 24. Qb3+ Kh8 25. Rc7 b6 26. Nb7 Ne6 27. a4 Bxa4 28. Qxb6 Nxc7 29. Rxc7 Be7 30. Bh3 d3 31. b3 d2 32. Bg4 Bd7 33. Bd1 Bd8 34. Nxd8 Qxd8 35. Qd6 Bg4 36. Qxd8+ Rxd8 37. Bxg4 d1=Q+ 38. Bxd1 Rxd1+ 39. Kg2 Rd3 40. Rb7 Rd4 41. Kf3 a5 42. Ke3 a4 43.
bxa4 Rxa4 44. Rf7 Ra6 45. h4 Kg8 46. Re7 Ra3+ 47. Ke2 Ra4 48. Kf3 h5 49. Rd7 Kf8 50. Ke3 Ra3+ 51. Ke2 Ra4 52. Ke3 Ra3+ 53. Rd3 Ra4 54.
Rb3 Ke7 55. Rb7+ Kf8 56. f4 Ra3+ 57. Kf2 exf4 58. gxf4 Rh3 59. Rb6 Kf7 60. Rb7+ Kf8 61. Rb6 Kf7 62. Rb7+ Kf8 1/2-1/2

[Event "*** Titled Tuesday Blitz"]
[Site "Chess.com"]
[Date "2021.04.06"]
[Round "4"]
[White "Murad_Ibrahimli"]
[Black "Nozdrachev_Leonid"]
[Result "1-0"]
[WhiteElo "2831"]
[BlackElo "2567"]
[TimeControl "180+1"]
[EndTime "10:39:59 PDT"]
[Termination "Murad_Ibrahimli won by resignation"]

1. Nf3 Nf6 2. g3 d5 3. Bg2 e6 4.
O-O Be7 5. c4 O-O 6. d4 dxc4 7.
Qc2 a6 8. a4 Bd7 9. Qxc4 Bc6 10. Bg5 Bd5 11. Qc2 Be4 12. Qd1 h6 13. Bxf6 Bxf6 14.
e3 a5 15. Nc3 Bxf3 16. Bxf3 c6 17. Qb3 Qe7 18. Ne4 Qb4 19. Qxb4 axb4 20. Nc5 Ra7 21. Rfc1 Be7 22. Nd3 Nd7 23. b3 Nb6 24. h4 Nd5 25. Bxd5 exd5 26. Kg2 Bd6 27. Rab1 Re8 28. h5 Kf8 29. Rb2 f5 30. Re2 Kf7 31. Kf3 Kf6 32. Ree1 Raa8 33. Rg1 Re4 34. g4 Rxg4 35. Rxg4 fxg4+ 36. Kxg4 g6 37. hxg6 Kxg6 38. f4 h5+ 39. Kf3 Kf5 40.
Rg1 Kf6 41. Ne5 Bxe5 42. dxe5+ Kf7 43. f5 c5 44. e6+ Ke7 45. Kf4 c4 46. Ke5 cxb3 47.
f6+ Kf8 48. e7+ Kf7 49. Rg7+ Ke8 50. Rg8+ Kd7 51. Rxa8 1-0

[Event "*** Titled Tuesday Blitz"]
[Site "Chess.com"]
[Date "2021.04.06"]
[Round "4"]
[White "Nuvas"]
[Black "viktorgen2021"]
[Result "1-0"]
[WhiteElo "2578"]
[BlackElo "2273"]
[TimeControl "180+1"]
[EndTime "10:39:59 PDT"]
[Termination "Nuvas won by resignation"]

1. d4 Nf6 2. c4 e6 3. Nc3 Bb4 4. Qc2 c5 5. dxc5 Nc6 6. Nf3 O-O 7. Bg5 Bxc5 8. e3 h6 9. Bh4 Be7 10. Be2 d6 11. O-O a6 12. Rfd1 Qc7 13. Rac1 Bd7 14. a3 Rfd8 15. b4 Rac8 16. h3 Be8 17. Qb3 Nh5 18.
Bxe7 Qxe7 19. Na4 Rc7 20. b5 Nb8 21. Qb4 Nf6 22. Nc3 Rcd7 23. a4 Rc8 24. Rc2 Rc5 25. Rcd2 e5 26. e4 Qd8 27. Rxd6 Rxd6 28. Qxc5 Rxd1+ 29.
Bxd1 Nxe4 30. Nxe4 Qxd1+ 31. Kh2 Qd8 32. Qxe5 axb5 33. axb5 Nd7 34. Qd6 Qc8 35. c5 Nf8 36. Nd4 Ne6 37. Nxe6 Qxe6 38. Qxe6 fxe6 39. Nd6 Bd7 40.
c6 bxc6 41. b6 1-0

[Event "*** Titled Tuesday Blitz"]
[Site "Chess.com"]
[Date "2021.04.06"]
[Round "4"]
[White "Sueetin"]
[Black "chessmadara"]
[Result "0-1"]
[WhiteElo "2394"]
[BlackElo "2202"]
[TimeControl "180+1"]
[EndTime "10:40:01 PDT"]
[Termination "chessmadara won by resignation"]

1. d4 Nf6 2. c4 g6 3. Nc3 d5 4. cxd5 Nxd5 5. e4 Nxc3 6. bxc3 Bg7 7. Bb5+ Bd7 8. Be2 O-O 9. Nf3 c5 10. Rb1 Qa5 11. O-O b5 12. Bg5 Re8 13. Qb3 a6 14. Ne5 Be6 15. d5 c4 16. Qc2 Bxe5 17. dxe6 Qxc3 18.
exf7+ Kxf7 19. Qd1 Qd4 20. Qc1 Nc6 21. Bh4 Rad8 22. Qh6 Kg8 23. Kh1 Bg7 24. Qg5 Rf8 25.
f3 Qd2 26. Qxd2 Rxd2 27. Rfe1 Rxa2 28. f4 Bc3 29. Bxc4+ bxc4 30. Rec1 Ra3 31. g3 Kf7 32. Rb7 Rb8 33. Rc7 Rb6 34. e5 Ra1 35. Rxa1 Bxa1 36.
Bxe7 Nxe7 37. Rxc4 Rb1+ 38. Kg2 a5 39. g4 Rb4 40.
Rc1 Bb2 41. Rb1 a4 0-1

[Event "*** Titled Tuesday Blitz"]
[Site "Chess.com"]
[Date "2021.04.06"]
[Round "4"]
[White "J36225"]
[Black "FMalexhdez"]
[Result "1-0"]
[WhiteElo "2432"]
[BlackElo "2174"]
[TimeControl "180+1"]
[EndTime "10:40:01 PDT"]
[Termination "J36225 won on time"]

1. e4 c5 2. Nf3 d6 3. Bb5+ Bd7 4. Bxd7+ Qxd7 5. c4 Nc6 6. O-O Nd4 7. d3 g6 8. Nc3 Bg7 9. Be3 e6 10. Rb1 Ne7 11. Bxd4 cxd4 12. Ne2 e5 13. b4 O-O 14. Qb3 Kh8 15. Rfc1 f5 16. exf5 gxf5 17. c5 d5 18. b5 Rac8 19. Rc2 f4 20. Nd2 Rg8 21. f3 Bf6 22. Kh1 Rg6 23. Rbc1 Rcg8 24. c6 bxc6 25. bxc6 Qf5 26. c7 Rxg2 27. Nf1 Qh3 28. Neg3 R2xg3 29.
Nxg3 fxg3 30. Rg2 Nc8 31. Rcg1 e4 32. Qb7 exf3 33. Rxg3 1-0

[Event "*** Titled Tuesday Blitz"]
[Site "Chess.com"]
[Date "2021.04.06"]
[Round "4"]
[White "Aradhya2000"]
[Black "HackingKid98"]
[Result "0-1"]
[WhiteElo "2591"]
[BlackElo "2484"]
[TimeControl "180+1"]
[EndTime "10:40:02 PDT"]
[Termination "HackingKid98 won by resignation"]

1. d4 d5 2. Nf3 c6 3. Bf4 Bf5 4.
e3 e6 5. c4 Nd7 6. Nc3 Ngf6 7.
Qb3 Qb6 8. c5 Qxb3 9. axb3 a6 10. h3 h6 11. Kd2 Be7 12. Bd3 O-O 13. g4 Bxd3 14. Kxd3 Nh7 15. h4 f6 16. e4 e5 17. Be3 exd4 18. Bxd4 Nxc5+ 19. Bxc5 Bxc5 20. exd5 Bxf2 21. dxc6 bxc6 22. Ne4 Rfd8+ 23. Kc4 Bb6 24. Rhd1 Nf8 25. Nc5 Bxc5 26. Kxc5 Rxd1 27. Rxd1 Rb8 28.
Rd3 Ne6+ 29. Kxc6 Rb4 30. Kd6 Kf7 31. g5 hxg5 32. hxg5 Nxg5 33. Nxg5+ fxg5 34. Kc5 a5 35. Kd5 Kf6 36. Rf3+ Rf4 37. Rc3 g4 38. Rc6+ Kf5 39. Rc5 g3 40. Kd6+ Kg4 41. Rc2 Rb4 42. Rc7 g5 43. Rc2 Rxb3 44. Kc5 g2 45. Rxg2+ Kf4 46. Kc4 a4 47. Rf2+ Kg3 48. Rf5 g4 49. Ra5 Rxb2 50. Rxa4 Rd2 51. Kc3 Rd8 52. Ra7 Kh3 53. Rh7+ Kg2 54.
Rh8 Rxh8 55. Kd2 Re8 56. Kd3 g3 57. Kd4 Kh2 58. Kd5 g2 59. Kd6 Re1 60. Kd7 g1=Q 61. Kd6 Qe3 62. Kd5 Qd2+ 0-1

[Event "*** Titled Tuesday Blitz"]
[Site "Chess.com"]
[Date "2021.04.06"]
[Round "4"]
[White "dpopadic"]
[Black "AungTZ"]
[Result "0-1"]
[WhiteElo "2323"]
[BlackElo "2077"]
[TimeControl "180+1"]
[EndTime "10:40:02 PDT"]
[Termination "AungTZ won on time"]

1. e4 c5 2. Nc3 a6 3. d3 Nc6 4. g4 e6 5. Bg2 Nge7 6. Nh3 d5 7. O-O d4 8. Ne2 e5 9. Ng3 Ng6 10. c3 Bd6 11. cxd4 Nxd4 12. Be3 Nf4 13. Nf5 Nxh3+ 14. Bxh3 g6 15. Nxd4 cxd4 16. Bh6 Qh4 17. Qd2 Qxh3 18. f3 Be7 19. Bg7 Rg8 20. Bxe5 f6 21. Bg3 h5 22.
Qh6 hxg4 23. Qf4 gxf3 24. Rxf3 Qg4 25. Rc1 Qxf4 26. Rxf4 Bd7 27. Rff1 Bc6 28. Bf2 O-O-O 29. Rc4 Kb8 30. Rfc1 f5 31. e5 Rd5 32. a3 Rxe5 33. Bg3 Bd6 34. Rxd4 Bc7 35. Bxe5 Bxe5 36. Rdc4 Bc7 0-1

[Event "*** Titled Tuesday Blitz"]
[Site "Chess.com"]
[Date "2021.04.06"]
[Round "4"]
[White "Diaschess88"]
[Black "vlad_Sid"]
[Result "0-1"]
[WhiteElo "2379"]
[BlackElo "2598"]
[TimeControl "180+1"]
[EndTime "10:40:03 PDT"]
[Termination "vlad_Sid won on time"]

1. d4 Nf6 2. c4 e6 3. Nf3 d5 4.
Nc3 Bb4 5. Qc2 O-O 6. a3 Bxc3+ 7. Qxc3 b6 8. Bg5 Bb7 9. e3 Nbd7 10. Be2 h6 11. Bh4 g5 12. Bg3 Ne4 13. Qc2 c5 14. cxd5 exd5 15. dxc5 bxc5 16. O-O Qf6 17. Rac1 Rac8 18.
Nd2 Nxg3 19. hxg3 Ne5 20. Qc3 Rfd8 21. f4 gxf4 22. Rxf4 Qg7 23. Rcf1 d4 24. Qb3 Bd5 25. Qa4 dxe3 26. Ne4 Bxe4 27. Rxe4 Rd4 28. Qa6 Rxe4 29. Qxc8+ Kh7 30. Bh5 e2 31. Qf5+ Kg8 32. Qxe4 exf1=Q+ 33. Kxf1 Qxg3 34. Be2 Ng6 35. Bf3 Qg5 36. Qc6 Kg7 37.
b4 Qc1+ 38. Kf2 Qd2+ 39. Kg3 cxb4 40. axb4 Qxb4 41. Be4 Qe1+ 42. Kh2 Qh4+ 43. Kg1 Qf6 44. Qc4 Qb6+ 0-1

[Event "*** Titled Tuesday Blitz"]
[Site "Chess.com"]
[Date "2021.04.06"]
[Round "4"]
[White "ri4mi"]
[Black "attack2mateU"]
[Result "0-1"]
[WhiteElo "2352"]
[BlackElo "2695"]
[TimeControl "180+1"]
[EndTime "10:40:03 PDT"]
[Termination "attack2mateU won by checkmate"]

1. e4 c5 2. Nc3 d6 3. d4 cxd4 4. Qxd4 Nc6 5. Qd2 g6 6. b3 Bh6 7. f4 Nf6 8. Bb2 O-O 9. O-O-O e5 10. g3 Re8 11. Bd3 d5 12. exd5 Nxd5 13. Bc4 Nb6 14. Bd3 f5 15. Nf3 e4 16. Nxe4 fxe4 17. Qc3 Qe7 18. Qh8+ Kf7 19. Qxh7+ Ke6 20. Qxg6+ Kd7 21.
Bxe4+ Kc7 22. Ne5 Bg7 23. Bxc6 bxc6 24. Qxc6+ Kb8 25. Kb1 Bb7 26. Qc3 Rc8 27. Rc1 Rxc3 28. Bxc3 Nd5 29. Bb2 a5 30. Rhd1 a4 31. c4 Ne3 32.
Rd7 Be4+ 33. Ka1 axb3 34. a3 Rxa3+ 35. Bxa3 Qxa3# 0-1

[Event "*** Titled Tuesday Blitz"]
[Site "Chess.com"]
[Date "2021.04.06"]
[Round "4"]
[White "DrCeltic"]
[Black "FeketeBarika"]
[Result "1-0"]
[WhiteElo "2472"]
[BlackElo "2276"]
[TimeControl "180+1"]
[EndTime "10:40:03 PDT"]
[Termination "DrCeltic won by resignation"]

1. e4 e6 2. d4 d5 3. Nc3 Bb4 4. Qd3 dxe4 5. Qxe4 Nf6 6. Qh4 O-O 7. Bd3 Nc6 8. Ne2 Bxc3+ 9. bxc3 Ne7 10. O-O Ng6 11. Qg3 Nh5 12. Qf3 Nf6 13. Bg5 Rb8 14. h4 h6 15. h5 hxg5 16. hxg6 g4 17. Qe3 Nd5 18. Qg3 Qg5 19. c4 Nb4 20. Qxc7 Ra8 21. gxf7+ Rxf7 22. Qg3 Nxd3 23. cxd3 Rf6 24. Nc3 Rh6 25. f4 Qf5 26.
Rae1 Bd7 27. Re5 Qh7 28. Qxg4 Qxd3 29. Ne2 Rf8 30. Rg5 Qh7 31. d5 Rh4 32. Rxg7+ Qxg7 33. Qxh4 exd5 34. cxd5 Bb5 35. Qf2 Re8 36. Re1 Qe7 37. Kf1 Kf8 38. a4 Bxa4 39. Nd4 Qxe1+ 40. Qxe1 Rxe1+ 41. Kxe1 Bb3 42. Nxb3 b5 43. Kd2 1-0

[Event "*** Titled Tuesday Blitz"]
[Site "Chess.com"]
[Date "2021.04.06"]
[Round "4"]
[White "CheckThis4"]
[Black "crescentmoon2411"]
[Result "0-1"]
[WhiteElo "2619"]
[BlackElo "2872"]
[TimeControl "180+1"]
[EndTime "10:40:05 PDT"]
[Termination "crescentmoon2411 won on time"]

1. d4 Nf6 2. Bg5 d5 3. e3 c5 4.
Bxf6 gxf6 5. dxc5 e6 6. c4 dxc4 7. Nd2 Bxc5 8. Bxc4 Nc6 9. Ngf3 f5 10. O-O Qf6 11.
e4 Bd7 12. exf5 Qxf5 13. Qe2 O-O-O 14. Ne4 Be7 15. Rfd1 Kb8 16. Nd6 Bxd6 17. Rxd6 Bc8 18. Rad1 Rxd6 19. Rxd6 e5 20. g3 f6 21. Bd5 Rd8 22.
Rxd8 Nxd8 23. Qd2 Qd7 24. Qd3 Ne6 25. Qc4 Nc7 26. Be4 f5 27. Bc2 e4 28. Nd4 a6 29.
Ba4 Qd6 30. Bb3 h5 31. h4 f4 32. Kh2 e3 33. fxe3 fxg3+ 34. Kg2 b5 35. Nc6+ Ka8 0-1

[Event "*** Titled Tuesday Blitz"]
[Site "Chess.com"]
[Date "2021.04.06"]
[Round "4"]
[White "kubal123"]
[Black "Supernotar"]
[Result "0-1"]
[WhiteElo "2224"]
[BlackElo "2692"]
[TimeControl "180+1"]
[EndTime "10:40:05 PDT"]
[Termination "Supernotar won by resignation"]

1. Nf3 c5 2. g3 Nc6 3. Bg2 g6 4. O-O Bg7 5. e4 d6 6. d3 e6 7.
Re1 Nge7 8. c3 O-O 9. d4 cxd4 10. cxd4 d5 11. e5 h6 12. Nc3 Kh7 13. h4 b6 14. Bf4 Bd7 15. Qd2 Rc8 16. Bf1 Na5 17.
b3 Nf5 18. Rac1 Qe7 19. Ba6 Rc7 20. Nxd5 exd5 21. Rxc7 Qd8 22. Rxa7 Nc6 23. Rxd7 Qxd7 24. Bb5 Qb7 25. Rc1 Nd8 26. h5 Qe7 27. a4 Ne6 28. Be3 Qa3 29. Qc2 Nxe3 30. fxe3 Kh8 31. hxg6 fxg6 32. Nh4 Kg8 33. Nxg6 Rf3 34. Kg2 Rxe3 35.
Ne7+ Kh8 36. Ng6+ Kg8 37. Rf1 Qxb3 38. Qc8+ Kh7 39. Qxe6 Rxg3+ 40. Kh2 Rxg6 41. Qf5 Qg3+ 42. Kh1 Qh4+ 0-1

[Event "*** Titled Tuesday Blitz"]
[Site "Chess.com"]
[Date "2021.04.06"]
[Round "4"]
[White "TST2014"]
[Black "x-4605984566"]
[Result "1-0"]
[WhiteElo "2678"]
[BlackElo "2456"]
[TimeControl "180+1"]
[EndTime "10:40:05 PDT"]
[Termination "TST2014 won on time"]

1. d4 Nf6 2. c4 g6 3. Nc3 Bg7 4. e4 d6 5. Nf3 O-O 6. Be2 e5 7. O-O Na6 8. Be3 c6 9. d5 c5 10. Ne1 Ne8 11. f3 f5 12. g4 fxg4 13. fxg4 Rxf1+ 14. Bxf1 Qh4 15. Be2 Nf6 16. Ng2 Qh3 17. g5 Ng4 18.
Bxg4 Bxg4 19. Qd2 Bf3 20. a3 Qg4 21. Re1 Bxe4 22. h3 Qxg2+ 23. Qxg2 Bxg2 24. Kxg2 Rf8 25. Ne4 Rd8 26. h4 Nc7 27. b4 cxb4 28. axb4 b5 29.
Bxa7 bxc4 30. Bb6 Rd7 31. Bxc7 Rxc7 32. Rc1 Bf8 33. Kf3 Kg7 34. b5 Rb7 35. Rb1 h6 36. Ke3 hxg5 37. hxg5 Be7 38. Kd2 Bd8 39. Kc3 Rc7 40.
Nxd6 Bxg5 41. b6 1-0

[Event "*** Titled Tuesday Blitz"]
[Site "Chess.com"]
[Date "2021.04.06"]
[Round "4"]
[White "moro182"]
[Black "Beca95"]
[Result "1-0"]
[WhiteElo "2748"]
[BlackElo "2910"]
[TimeControl "180+1"]
[EndTime "10:40:06 PDT"]
[Termination "moro182 won on time"]

1. d4 Nf6 2. c4 c5 3. Nf3 e6 4. g3 cxd4 5. Nxd4 Qc7 6. Bg2 Qxc4 7. O-O Nc6 8. Nb3 Qg4 9. Nc3 a6 10. Bf4 Be7 11. Rc1 d5 12. h3 Qg6 13. Na4 e5 14. Bd2 Be6 15. Nbc5 Bxc5 16. Nxc5 Bc8 17. Na4 O-O 18.
Nb6 Rb8 19. Nxc8 Rbxc8 20. e3 e4 21. Bc3 Rcd8 22. Qb3 Rd7 23. Rfd1 Rfd8 24. Rd2 h5 25.
h4 Ng4 26. Rcd1 Qf5 27. Bh3 Kh7 28. a3 Nce5 29. Bxe5 Qxe5 30. Bxg4 hxg4 31. Rc1 g5 32.
hxg5 Qxg5 33. Kg2 Qf6 34. Rh1+ Kg6 35. Kg1 d4 36. exd4 Rxd4 37. Rxd4 Rxd4 38. Rh4 Kf5 39. Qe3 Ke6 40. Rh6 Rd1+ 41. Kg2 1-0

[Event "*** Titled Tuesday Blitz"]
[Site "Chess.com"]
[Date "2021.04.06"]
[Round "4"]
[White "AlexPapasimakopoulos"]
[Black "Zkid"]
[Result "1-0"]
[WhiteElo "2624"]
[BlackElo "2838"]
[TimeControl "180+1"]
[EndTime "10:40:06 PDT"]
[Termination "AlexPapasimakopoulos won by resignation"]

1. d4 d5 2. c4 dxc4 3. Nf3 Nf6 4. e3 e6 5. Bxc4 c5 6. O-O a6 7. Bd3 Nc6 8. a3 Be7 9. dxc5 Bxc5 10. b4 Bd6 11. Bb2 O-O 12. Nc3 Ne5 13. Nxe5 Bxe5 14.
f4 Bb8 15. Ne4 Nxe4 16. Bxe4 e5 17. Qxd8 Rxd8 18. fxe5 Ba7 19. Rfe1 Rb8 20. Kf2 Bg4 21. Bf3 Be6 22. Rac1 b5 23. Red1 Bc4 24. Bd4 Rd7 25. Bxa7 Rxa7 26. Be2 Be6 27. Rd6 g5 28. Rcd1 Kg7 29.
Rd8 Rbb7 30. Bf3 Rc7 31. Rb8 Rc2+ 32. Kg3 Rc3 33. Kf2 Rxa3 34. Rdd8 Rb3 35. Rg8+ Kh6 36.
g4 Rxb4 37. e4 f6 38. exf6 Bxg8 39. Rxg8 Rc4 40. h4 Rc5 41. Ke3 b4 42. Kd4 Ra5 43. e5 Rd7+ 44. Ke4 1-0

[Event "*** Titled Tuesday Blitz"]
[Site "Chess.com"]
[Date "2021.04.06"]
[Round "4"]
[White "stepakyedael"]
[Black "MustafayevFarid2004"]
[Result "1-0"]
[WhiteElo "2291"]
[BlackElo "2452"]
[TimeControl "180+1"]
[EndTime "10:40:06 PDT"]
[Termination "stepakyedael won by resignation"]

1. d4 Nf6 2. c4 e6 3. Nf3 d5 4. e3 Bb4+ 5. Nc3 O-O 6. Qc2 c5 7. dxc5 Bxc5 8. a3 a5 9. Bd3 Nc6 10. O-O dxc4 11. Bxc4 e5 12. h3 Re8 13. Rd1 Qe7 14.
Ng5 Be6 15. Nxe6 fxe6 16. b3 Rac8 17. Bb2 Kh8 18. Ne4 Ba7 19. Ng5 b5 20. Bxe6 Nd4 21. Qxc8 Rxc8 22. Bxc8 h6 23. exd4 hxg5 24. dxe5 Ne4 25.
Bd4 Bxd4 26. Rxd4 Qxe5 27. Rad1 Nc3 28. Rd8+ Kh7 29. Rf1 Ne2+ 30. Kh1 Qf6 31. Rd3 Nf4 32. Rf3 Qc6 33. Bf5+ g6 34. Bg4 Qc2 35. Kh2 a4 36. bxa4 bxa4 37. Re1 Qc7 38. g3 Nd5 39. Be6 Nb6 40.
Rf7+ 1-0

[Event "*** Titled Tuesday Blitz"]
[Site "Chess.com"]
[Date "2021.04.06"]
[Round "4"]
[White "BilodeauA"]
[Black "esapunov"]
[Result "1-0"]
[WhiteElo "2904"]
[BlackElo "2721"]
[TimeControl "180+1"]
[EndTime "10:40:07 PDT"]
[Termination "BilodeauA won by resignation"]

1. d4 Nf6 2. Nc3 d5 3. Bf4 a6 4. e3 b5 5. h4 c5 6. dxc5 Nc6 7. Nf3 e6 8. Nd4 Bb7 9. Nxc6 Bxc6 10. b4 Be7 11. h5 h6 12. a3 O-O 13. Rb1 Re8 14. Bd3 e5 15. Bxe5 Bxc5 16. bxc5 Rxe5 17. Ne2 Qe7 18. Nd4 Qxc5 19. Kf1 Bd7 20. Qf3 Qxa3 21. Kg1 Qd6 22. Rh4 Rg5 23. g3 Re8 24. Ra1 Ng4 25.
Qf4 Qb6 26. Rd1 Nf6 27. Qf3 b4 28. Bf5 Bb5 29. Qf4 a5 30. Nxb5 Qxb5 31. Bd3 Qc5 32. Ra1 Rge5 33. Qd4 Qxd4 34. Rxd4 Ra8 35. Rxb4 Rxh5 36.
Rxa5 Rd8 37. Rb7 Ne4 38. Bxe4 dxe4 39. Rxh5 1-0

[Event "*** Titled Tuesday Blitz"]
[Site "Chess.com"]
[Date "2021.04.06"]
[Round "4"]
[White "Malev212"]
[Black "XDPS"]
[Result "0-1"]
[WhiteElo "2561"]
[BlackElo "2758"]
[TimeControl "180+1"]
[EndTime "10:40:07 PDT"]
[Termination "XDPS won by resignation"]

1. e4 e5 2. Nc3 Nf6 3. f4 d5 4. fxe5 Nxe4 5. Qf3 Nxc3 6. dxc3 c5 7. Bf4 Nc6 8. O-O-O Be6 9. Bc4 Ne7 10. Bb5+ Bd7 11.
Bxd7+ Qxd7 12. Ne2 O-O-O 13. Rhf1 Nc6 14. Bg3 Be7 15.
Qxf7 Rdf8 16. e6 Qd8 17. Qh5 Rxf1 18. Rxf1 Bf6 19. Rd1 Bg5+ 20. Kb1 Re8 21. Qg4 Qe7 22. Ng1 Bf6 23. Re1 d4 24. c4 b6 25. Nf3 Kb7 26.
a3 a6 27. Qe4 b5 28. Nd2 Kb6 29. cxb5 axb5 30. a4 Qa7 31. b3 Nb4 32. Qe2 Qa6 33. Qxb5+ Qxb5 34. axb5 Kxb5 35. Nc4 Kc6 36. Nd6 Re7 37.
Nf5 Re8 38. Kc1 Nd5 39. Kd2 g6 40. Nh6 Bg5+ 41. Kd3 Bxh6 0-1

[Event "*** Titled Tuesday Blitz"]
[Site "Chess.com"]
[Date "2021.04.06"]
[Round "4"]
[White "Willhaven3"]
[Black "The_filthy"]
[Result "0-1"]
[WhiteElo "2508"]
[BlackElo "2379"]
[TimeControl "180+1"]
[EndTime "10:40:07 PDT"]
[Termination "The_filthy won by resignation"]

1. d4 d5 2. Nf3 c6 3. c4 Nf6 4. Nc3 dxc4 5. e4 b5 6. a4 a6 7. e5 Nd5 8. axb5 Nxc3 9. bxc3 cxb5 10. Ng5 Bb7 11. e6 Qd5 12. exf7+ Kd8 13. Qg4 Bc8 14. Qg3 h6 15. Nf3 Nc6 16. Be2 Qxf7 17. O-O e6 18.
Ba3 Bxa3 19. Rxa3 Qc7 20. Qg6 Qe7 21. Ra2 Rf8 22. Re1 Qf6 23. Qe4 Kc7 24. Bf1 Bb7 25. Qg4 Rae8 26. Rae2 Bc8 27. Qg3+ Kb7 28. Ne5 Nxe5 29.
Rxe5 g5 30. f3 Qf4 31. Qf2 g4 32. R1e4 Qc1 33. Rxg4 Qxc3 34. Rg7+ Kb6 35. d5+ Ka5 36. d6 Qxe5 37. Qa2+ Kb4 38. Qb1+ Kc5 39. Rc7+ Kb6 40. Qd1 Rf4 41. Qd2 Qd4+ 42. Qxd4+ Rxd4 43. Re7 Rd8 44. Rh7 R4xd6 45. Rxh6 e5 46. Kf2 Rxh6 0-1

[Event "*** Titled Tuesday Blitz"]
[Site "Chess.com"]
[Date "2021.04.06"]
[Round "4"]
[White "WiktoriaPOL"]
[Black "Raud100"]
[Result "0-1"]
[WhiteElo "2032"]
[BlackElo "2264"]
[TimeControl "180+1"]
[EndTime "10:40:07 PDT"]
[Termination "Raud100 won on time"]

1. e4 d6 2. d4 Nf6 3. Nc3 g6 4. Be2 Bg7 5. Be3 O-O 6. Qd2 Ng4 7. Bxg4 Bxg4 8. h3 Bd7 9. Bh6 Nc6 10. Nge2 e5 11. d5 Ne7 12. h4 f6 13. Bxg7 Kxg7 14. h5 g5 15. g3 h6 16. f4 Bg4 17. fxg5 fxg5 18. O-O-O Rf2 19. Rdf1 Qf8 20. Qe1 Rf3 21.
Rxf3 Qxf3 22. Rf1 Qe3+ 23. Kb1 Bxh5 24. a3 a6 25. Ka2 Bf3 26. Nf4 exf4 27. Qxe3 fxe3 28.
Rxf3 Ng6 29. Rxe3 Rf8 30. Ne2 Rf2 31. Nd4 Ne5 32. Kb3 Kf6 33. Rc3 c5 34. dxc6 bxc6 35.
Nxc6 h5 36. Nxe5 Kxe5 37. Rd3 Kxe4 38. Rxd6 Rf3+ 39. Kc4 Rxg3 40. b4 h4 41. Rxa6 h3 42. Rh6 Rxa3 43. b5 g4 44. b6 Ra1 45. b7 Rb1 46.
Rh4 Kf3 47. c3 Rxb7 0-1

[Event "*** Titled Tuesday Blitz"]
[Site "Chess.com"]
[Date "2021.04.06"]
[Round "4"]
[White "PavelChernomordik"]
[Black "catzapto"]
[Result "1-0"]
[WhiteElo "2326"]
[BlackElo "2054"]
[TimeControl "180+1"]
[EndTime "10:40:08 PDT"]
[Termination "PavelChernomordik won on time"]

1. e4 c5 2. Nc3 e6 3. f4 Nc6 4. Nf3 g6 5. Bb5 Nd4 6. O-O Nxb5 7. Nxb5 a6 8. Nc3 b5 9. e5 d5 10. exd6 Bxd6 11. d4 Nf6 12. h3 O-O 13. Be3 Qc7 14.
Ne5 Bb7 15. Qe2 cxd4 16. Bxd4 Bc5 17. Bxc5 Qxc5+ 18. Kh2 Nd5 19. Ne4 Qe3 20. Nf6+ Kg7 21. Nh5+ gxh5 22. Qxh5 Qe4 23. Qg5+ Kh8 24. Rae1 f6 25.
Qh6 Qf5 26. Ng4 Qg6 27. Qh4 f5 28. Ne5 Qf6 29. Qf2 Rac8 30. Nd7 Qf7 31. Nxf8 Rxf8 32.
Qd4+ Qf6 33. Qxf6+ Nxf6 34. Rxe6 Ne4 35. Re7 Bd5 36. Rd1 Ba8 37. Rdd7 Nf6 38. Ra7 Rg8 39. g4 fxg4 40. Rf7 g3+ 41. Kg1 Rd8 42. Rxa8 1-0

[Event "*** Titled Tuesday Blitz"]
[Site "Chess.com"]
[Date "2021.04.06"]
[Round "4"]
[White "profofchess"]
[Black "vinniethepooh"]
[Result "0-1"]
[WhiteElo "2515"]
[BlackElo "2735"]
[TimeControl "180+1"]
[EndTime "10:40:10 PDT"]
[Termination "vinniethepooh won on time"]

1. e4 c5 2. Nf3 d6 3. d4 cxd4 4. Qxd4 Nc6 5. Qe3 Nf6 6. Be2 e5 7. O-O Be7 8. Rd1 O-O 9. h3 Be6 10. c4 Nb4 11. Qd2 Qb6 12. Nc3 Rac8 13. b3 Na6 14. Qb2 Qc6 15. Nd5 Bd8 16. Bg5 Bxd5 17. exd5 Qd7 18. Rac1 Nc5 19. Qc2 a5 20. Be3 Re8 21.
Nd2 Kh8 22. Qb1 Ng8 23. Bg4 Qc7 24. Bxc8 Qxc8 25. a3 f5 26. b4 axb4 27. axb4 Na6 28. c5 f4 29. cxd6 Qd7 30. Bc5 b6 31. Ne4 Nf6 32.
Nxf6 gxf6 33. Qa1 Rg8 34. Kh2 f3 35. g3 Qb5 36. Be3 Nxb4 37. Qb1 Rg6 38. Qf5 Qe2 39.
Rc8 Nc6 40. dxc6 Kg7 41. Rxd8 Qxf2+ 0-1

[Event "*** Titled Tuesday Blitz"]
[Site "Chess.com"]
[Date "2021.04.06"]
[Round "4"]
[White "Sadykov_Ramil"]
[Black "grzechu96"]
[Result "1-0"]
[WhiteElo "2507"]
[BlackElo "2642"]
[TimeControl "180+1"]
[EndTime "10:40:10 PDT"]
[Termination "Sadykov_Ramil won on time"]

1. e4 c5 2. Nf3 e6 3. d4 cxd4 4. Nxd4 Nf6 5. Nc3 d6 6. g4 h6 7. Be3 Nc6 8. Rg1 Bd7 9. Be2 Nxd4 10. Qxd4 Bc6 11. O-O-O e5 12. Qd2 Be7 13. f3 Qa5 14. Bc4 Rd8 15. Kb1 b5 16. Nxb5 Qxd2 17. Rxd2 O-O 18.
Rgd1 a6 19. Nxd6 Rb8 20. Bxa6 Nh7 21. Bc4 Ng5 22. Be2 Ne6 23. Nf5 Bf6 24. b3 g6 25. Nxh6+ Kg7 26. g5 Bxg5 27. Ng4 Bxe3 28. Nxe3 Nd4 29. c3 Nb5 30. Kb2 Nc7 31. Bc4 Rh8 32.
Nd5 Ne6 33. Ne3 Nf4 34. Bd5 1-0

[Event "*** Titled Tuesday Blitz"]
[Site "Chess.com"]
[Date "2021.04.06"]
[Round "4"]
[White "Shankovskyi"]
[Black "ApoIogiA"]
[Result "1-0"]
[WhiteElo "2468"]
[BlackElo "2190"]
[TimeControl "180+1"]
[EndTime "10:40:10 PDT"]
[Termination "Shankovskyi won on time"]

1. e4 c5 2. Nf3 d6 3. d4 cxd4 4. Nxd4 Nf6 5. Nc3 a6 6. Bc4 e6 7. O-O b5 8. Bd3 Bb7 9. Bg5 Nbd7 10. h3 Be7 11. Kh1 O-O 12. f4 Nc5 13. e5 dxe5 14. fxe5 Nd5 15. Bxe7 Qxe7 16. Nxd5 Bxd5 17. Qh5 Nxd3 18.
cxd3 Rfc8 19. Ne2 g6 20. Qg4 Rc2 21. b3 Rac8 22. Rg1 Qc7 23. d4 Ba8 24. Ng3 Qc6 25. Nh5 Kf8 26. Nf6 h5 27. Qg5 Qc3 28. Nd7+ Ke8 29.
Nf6+ Kf8 30. Nd7+ Kg8 31. Nf6+ Kg7 32. Nxh5+ Kf8 33. Qh6+ Ke7 34. Nf6 Qd2 35. Qg5 Qxg5 36. Nd5+ 1-0

[Event "*** Titled Tuesday Blitz"]
[Site "Chess.com"]
[Date "2021.04.06"]
[Round "4"]
[White "hansen"]
[Black "NateSolon"]
[Result "0-1"]
[WhiteElo "2835"]
[BlackElo "2632"]
[TimeControl "180+1"]
[EndTime "10:40:11 PDT"]
[Termination "NateSolon won by resignation"]

1. e4 c5 2. Nf3 d6 3. Bb5+ Nd7 4. c3 Nf6 5. Qe2 a6 6. Ba4 b5 7.
Bc2 Bb7 8. d4 g6 9. O-O Bg7 10.
e5 dxe5 11. dxe5 Nd5 12. e6 fxe6 13. Ng5 Nf8 14. Rd1 Qb6 15. a4 h6 16. Nf3 O-O-O 17. axb5 axb5 18. Na3 c4 19. Nd4 Bc6 20. Nxc4 bxc4 21.
Qxc4 Bxd4 22. Rxd4 Kb7 23. Bd3 Nd7 24. Ra6 Qc7 25. Qa2 Ra8 26. Qb3+ N7b6 27. Rxa8 Rxa8 28. Qd1 Ra1 29. h3 e5 30. Rh4 Nf4 31. Bf1 Be4 32.
c4 Qc6 33. Rg4 g5 34. Qd2 Nxc4 35. Qb4+ Nb6 36. Qxe7+ Qd7 37. Qxd7+ Nxd7 38. Bxf4 exf4 39. Kh2 Rxf1 40. h4 Rxf2 41. hxg5 Ne5 42. gxh6 Nxg4+ 43. Kh3 Nxh6 44. Kh4 Rxg2 0-1